 Dungeon Crawl Stone Soup version 0.22-a0-812-g4c1e2d5471 (webtiles) character file.

53 Mirvelgyr the Chopper (level 3, -3/46 HPs)
             Began as a Minotaur Berserker on July 23, 2018.
             Was a Believer of Trog.
             Slain by a gnoll (7 damage)
             ... on level 2 of the Dungeon.
             The game lasted 00:01:17 (1021 turns).

Mirvelgyr the Chopper (Minotaur Berserker)          Turns: 1021, Time: 00:01:18

Health: -3/46      AC:  0    Str: 26    XL:     3   Next: 62%
Magic:  2/2        EV: 12    Int:  4    God:    Trog [**....]
Gold:   51         SH:  0    Dex: 10    Spells: 2/2 levels left

rFire    . . .     SeeInvis .   a - +1 hand axe
rCold    . . .     Gourm    .   (no shield)
rNeg     . . .     Faith    .   (no armour)
rPois    .         Spirit   .   (helmet restricted)
rElec    .         Reflect  .   (no cloak)
rCorr    .         Harm     .   (no gloves)
MR       .....                  (no boots)
Stlth    ..........             (no amulet)
HPRegen  0.15/turn              (no ring)
MPRegen  0.08/turn              (no ring)

@: berserking, very quick
A: retaliatory headbutt, horns 2
a: Berserk, Trog's Hand, Renounce Religion


You were on level 2 of the Dungeon.
You worshipped Trog.
Trog was pleased with you.
You were not hungry.

You visited 1 branch of the dungeon, and saw 2 of its levels.

You collected 51 gold pieces.

Inventory:

Hand Weapons
 a - a +1 hand axe (weapon)
Jewellery
 b - an uncursed ring of flight {unknown}
Scrolls
 e - a scroll of noise {unknown}
 i - a scroll of remove curse
 j - a scroll of enchant weapon
Potions
 d - a potion of invisibility {unknown}
 f - a potion of agility {unknown}
 h - 2 potions of resistance {unknown}
Comestibles
 c - a ration


   Skills:
 - Level 3.6 Fighting
 + Level 5.6 Axes
 - Level 2.4 Armour
 - Level 2.2 Dodging


You had 2 spell levels left.
You didn't know any spells.
Your spell library was empty.

Dungeon Overview and Level Annotations

Branches:
Dungeon (2/15)

Altars:


Innate Abilities, Weirdness & Mutations

You reflexively headbutt those who attack you in melee.
You have a pair of horns on your head.


Message History

You eat one of the 2 rations.
That ration really hit the spot!
You start resting.
HP restored.
You climb downwards.
The gnoll hits you with a whip! The gnoll barely misses you.
You furiously retaliate!
You headbutt the gnoll. The gnoll hits you with a whip.
There is a stone staircase leading up here.
A red film seems to cover your vision as you go berserk!
You feel yourself moving faster!
You feel mighty!
You feel a lot more hungry. The gnoll hits you. The gnoll hits you with a whip!
You slash the gnoll! Your headbutt misses the gnoll.
The gnoll is severely wounded.
You barely miss the gnoll. The gnoll hits you.
* * * LOW HITPOINT WARNING * * *
The gnoll hits you with a whip!
* * * LOW HITPOINT WARNING * * *
You closely miss the gnoll.
The gnoll is severely wounded.
You slash the gnoll! The gnoll hits you!
You die...

# # .#< .. #.#
. #.# .### #.#
..... #.#..#...
#>#......
#@g....#
#g#...##
###.##)#..##..
#.....%.......
...........##.#
##.#).........#
.. ####.#######
#.# #..


You could see 2 gnolls.

Vanquished Creatures
  2 gnolls (D:2)
  2 oozes
  A leopard gecko (D:1)
  2 goblins (D:1)
  6 hobgoblins
  A jackal (D:1)
  2 bats (D:1)
  4 frilled lizards (D:1)
  3 kobolds (D:1)
  2 rats (D:1)
25 creatures vanquished.

Notes
Turn   | Place    | Note
-------+----------+-------------------------------------------
     0 | D:1      | Mirvelgyr the Minotaur Berserker began the quest for the Orb.
     0 | D:1      | Reached XP level 1. HP: 19/19 MP: 0/0
    18 | D:1      | Reached skill level 4 in Axes
   130 | D:1      | Reached XP level 2. HP: 26/26 MP: 1/1
   586 | D:1      | Reached skill level 5 in Axes
   815 | D:2      | Reached XP level 3. HP: 22/31 MP: 2/2
   822 | D:2      | Reached ** piety under Trog
  1021 | D:2      | Slain by a gnoll

Vault maps used:
D:1:      dpeg_arrival_rhombi, minmay_surrounded
D:2:      lemuel_doored_altar, palyth_stone_intersect

Skill      XL: |  1  2 |
---------------+-------+-----
Axes           | 4 5 |  5.6
Fighting       | |  3.6
Armour         | |  2.4
Dodging        | |  2.2

Action                   || total
-------------------------++-------
Melee: Hand axe          ||    45
       Headbutt          ||     4
Invok: Berserk           ||     2
  Use: Scroll            ||     2
  Eat: Ration            ||     1
Armor: Animal skin       ||     3
Dodge: Dodged            ||    21

Table legend:
 A = Spawn XP
 B = Non-spawn XP
 C = Spawn XP percentage of total XP
 D = Spawn monster count
 E = Non-spawn monster count
 F = Spawn count percentage of total count
 G = Total turns spent on level
                    A         B        C        D         E        F      G
               +---------+---------+-------+---------+---------+-------+---------
         Total |       0 |      76 |   0.0 |       0 |      25 |   0.0 |  1021
               +---------+---------+-------+---------+---------+-------+---------
           D:1 |       0 |      37 |   0.0 |       0 |      20 |   0.0 |   997
           D:2 |       0 |      39 |   0.0 |       0 |       5 |   0.0 |    24
               +---------+---------+-------+---------+---------+-------+---------
